 Dungeon Crawl Stone Soup version 0.25.1-2-g60ff931df9 (webtiles) character file.

Game seed: 15248553313468216377

37599 Allula97 the Fighter (level 13, -9/104 HPs)
             Began as a Demonspawn Gladiator on Nov 16, 2020.
             Was a High Priest of Ashenzari.
             Mangled by an ice devil (13 damage)
             ... in an ice cave.
             The game lasted 01:35:44 (16872 turns).

Allula97 the Fighter (Demonspawn Gladiator)        Turns: 16872, Time: 01:35:45

Health: -9/104     AC: 23    Str: 19    XL:     13   Next: 59%
Magic:  23/23      EV: 16    Int: 10    God:    Ashenzari [*****.]
Gold:   1280       SH:  0    Dex: 15    Spells: 18/26 levels left

rFire    + + .     SeeInvis +   e - +8 long sword (freeze) (curse)
rCold    . . .     Gourm    .   (no shield)
rNeg     + . .     Faith    .   N - +0 swamp dragon scales (curse)
rPois    +         Spirit   .   (helmet restricted)
rElec    .         Reflect  .   g - +2 cloak (curse)
rCorr    .         Harm     .   (no gloves)
MR       .....     Clarity  +   (no boots)
Stlth    ++........             y - amulet of regeneration (curse)
HPRegen  0.67/turn              l - ring of positive energy
MPRegen  0.18/turn              F - ring of protection from fire (curse)

@: sanguine armour
A: antennae 1, beak, hooves 1, demonic guardian 1, fire resistance 1, shaggy fur
1, flame cloud immunity, sanguine armour 2
a: Curse Item, Scrying, Transfer Knowledge, Renounce Religion


You were in an ice cave.
You worshipped Ashenzari.
Ashenzari was extremely pleased with you.
You were hungry.

You visited 3 branches of the dungeon, and saw 17 of its levels.
You also visited: Sewer and Ice Cave.

You collected 1280 gold pieces.

Inventory:

Hand Weapons
 b - a +0 vorpal fustibalus
 d - a +4 great sword of protection
 e - a cursed +8 long sword of freezing (weapon)
 z - a +3 great sword
 M - a +0 battleaxe of venom
Missiles
 x - 26 poisoned darts
 C - 85 sling bullets
 P - 8 silver javelins (quivered)
Armour
 g - a cursed +2 cloak (worn)
 k - a +2 helmet of see invisible
 t - a +0 buckler
 u - a +2 troll leather armour {Purgy}
 K - the +4 gold dragon scales of Biraseist {rPois rF+ rC+ Str+3 Int+3 Stlth+}
   (You found it on level 1 of the Lair of Beasts)

   It affects your strength (+3).
   It affects your intelligence (+3).
   It protects you from fire.
   It protects you from cold.
   It protects you from poison.
   It makes you more stealthy.
 N - cursed +0 swamp dragon scales (worn)
Magical Staves
 h - an uncursed staff of wizardry
 I - an uncursed staff of poison
Jewellery
 a - an uncursed amulet of the acrobat
 l - a ring of positive energy (left hand)
 m - an uncursed ring of magical power
 p - an uncursed ring of resist corrosion
 y - a cursed amulet of regeneration (around neck)
 F - a cursed ring of protection from fire (right hand)
Wands
 c - a wand of disintegration (5)
 E - a wand of clouds (4)
 H - a wand of flame (37)
 J - a wand of polymorph (4)
 S - a wand of paralysis (3)
Scrolls
 i - a scroll of fear
 n - 5 scrolls of identify
 q - a scroll of blinking
 r - 7 scrolls of teleportation
 v - 4 scrolls of amnesia
 B - a scroll of fog
 R - a scroll of remove curse
 U - a scroll of magic mapping
Potions
 j - 2 potions of lignification
 w - a potion of cancellation
 A - 3 potions of flight
 D - a potion of magic
 L - 3 potions of stabbing
 O - a potion of ambrosia
 Q - 2 potions of brilliance
Comestibles
 f - 23 rations


   Skills:
 * Level 10.7 Fighting
 * Level 7.5(11.5) Long Blades
 - Level 7.2 Axes
 - Level 1.7 Throwing
 * Level 8.9 Armour
 * Level 8.2 Dodging
 - Level 4.3 Stealth
 - Level 7.1 Spellcasting
 - Level 7.0(9.7) Necromancy
   Level 2.7(4.9) Translocations
   Level 4.2 Invocations
 * Level 5.7(8.4) Evocations


You had 18 spell levels left.
You knew the following spells:

 Your Spells              Type           Power        Failure   Level  Hunger
a - Vampiric Draining     Necr           ###.......   1%          3    ###....
b - Agony                 Necr           ###.....     14%         5    ######.

Your spell library contained the following spells:

 Spells                   Type           Power        Failure   Level  Hunger
 Animate Skeleton         Necr           N/A          1%          1    None
 Pain                     Necr           ###.         1%          1    None
 Animate Dead             Necr           N/A          5%          4    ####...
 Beastly Appendage        Tmut           #.....       26%         1    None
 Magic Dart               Conj           #...         26%         1    None
 Searing Ray              Conj           #.....       36%         2    ##.....
 Sticks to Snakes         Tmut           #.......     36%         2    ##.....
 Dazzling Flash           Conj/Hex       #.....       58%         3    ###....
 Spider Form              Tmut/Pois      #.........   58%         3    ###....
 Iskenderun's Mystic Bla  Conj/Tloc      #.......     67%         4    ####...
 Fulminant Prism          Conj/Hex       #.........   94%         4    ####...
 Ice Form                 Ice/Tmut       #.......     94%         4    ####...
 Blade Hands              Tmut           #.........   100%        5    ######.


Dungeon Overview and Level Annotations

Branches:
Dungeon (10/15)            Temple (0/1) D:4            Lair (6/6) D:8
 Shoals (1/4) Lair:4       Spider (0/4) Lair:2        Sewer (visited)
  IceCv (1/1)
  Slime: Lair:5-6       Orc: D:9-12

Altars:
Ashenzari
Cheibriados
Dithmenos
Fedhas
Gozag
Hepliaklqana
Kikubaaqudgha
Nemelex Xobeh
Qazlal
Ru
Trog
Yredelemnul
Zin

Shops:
D:7 }   D:8 !

Annotations:
Shoals:1 3 runed translucent doors, denis1488's ghost, adept HuFi IceCv exclusion: ice statue


Innate Abilities, Weirdness & Mutations

You have large cloven feet.
A weak demonic guardian rushes to your aid.
Your flesh is heat resistant. (rF+)
You are immune to clouds of flame.
When seriously injured, your bleeding wounds create thick armour. (AC +9)
You have a pair of small antennae on your head.
You have a beak for a mouth.
You are covered in fur. (AC +1)


Message History

You kick the ice devil, but do no damage.
The ice devil is severely wounded.
Your quasit bites the ice devil but does no damage.
Your quasit barely misses the ice devil. x2
The ice devil barely misses your quasit.
You hit the ice devil but do no damage. Your kick misses the ice devil.
You peck the ice devil, but do no damage.
The ice devil is severely wounded.
Your quasit bites the ice devil but does no damage.
Your quasit claws the ice devil but does no damage.
Your quasit claws the ice devil.
You hit the ice devil but do no damage.
You kick the ice devil, but do no damage.
Your peck misses the ice devil.
The ice devil is severely wounded.
Your quasit disappears in a puff of smoke!
The ice devil hits you!
* * * LOW HITPOINT WARNING * * *
The ice devil freezes you!
You die...

,###.8...8.###
#.'.......'.#, *
###.8...8.### * *
#.'...☼§..'.#,#
*+######'######'#
...............#
###8.#####§.####
## ∆{∆#4## ∆⌠∆#@#
*, ∆∆∆#.# ,* +
#.# ^ ,..# * *###
*


You could see an ice devil.

Vanquished Creatures
  Rupert (Lair:5)
  The ghost of TangoThomas the Basher, a journeyman TrAK of Lugonu (Lair:1)
  2 hydras
  Nergalle (Lair:1)
  Urug (Lair:4)
  A sea snake (Shoals:1)
  Pikel (D:6)
  A manticore (Lair:4)
  4 elephants (Lair:5)
  A merfolk siren (Shoals:1)
  Joseph (D:8)
  3 ice statues (IceCv)
  A water nymph (Shoals:1)
  A molten gargoyle (Lair:5)
  Maggie (D:8)
  3 spiny frogs
  A komodo dragon (Lair:2)
  3 ice devils (IceCv)
  2 trolls
  A snapping turtle (Shoals:1)
  12 blink frogs
  5 hippogriffs
  17 yaks
  A wyvern (Lair:5)
  9 water moccasins
  An acid dragon (D:6)
  Purgy (Sewer)
  6 porcupines
  3 ice beasts
  2 necrophages
  5 orc warriors
  2 phantoms
  4 sky beasts
  4 slaves (D:6)
  A black bear (D:9)
  2 centaurs (D:8)
  5 ogres
  14 crocodiles
  2 big kobolds (D:9)
  15 bullfrogs
  A wyvern zombie (D:8)
  A water moccasin zombie (D:8)
  3 scorpions
  A water moccasin skeleton (D:9)
  A killer bee (D:6)
  5 wights (D:5)
  A howler monkey (D:7)
  A lava snake (Lair:5)
  A centaur zombie (D:9)
  4 crimson imps
  6 hounds
  A jelly (D:5)
  11 orc priests
  9 orc wizards
  A bullfrog skeleton (D:7)
  Jessica (D:3)
  Natasha (thrice) (D:3)
  5 troll simulacra (IceCv)
  4 worker ants
  A centaur simulacrum (IceCv)
  2 hound zombies
  A hound skeleton (D:9)
  A worker ant zombie (D:9)
  15 adders
  4 ogre simulacra (IceCv)
  2 shadow imps (D:7)
  2 oozes
  2 adder skeletons (D:5)
  2 worms
  3 dart slugs
  9 leopard geckos
  49 orcs
  8 bats
  6 giant cockroaches
  3 goblins
  11 hobgoblins
  12 jackals
  24 kobolds
  6 quokkas
  3 ball pythons (Sewer)
  7 frilled lizards
  A jackal skeleton (D:8)
  A leopard gecko skeleton (D:2)
  A leopard gecko zombie (D:5)
  2 quokka skeletons
  A quokka zombie (D:6)
  6 rats
  A spectral orc (D:4)
  A plant (Lair:5)
389 creatures vanquished.

Vanquished Creatures (collateral kills)
  A wolf spider (Lair:2)
  3 spiny frogs
  A komodo dragon (Lair:2)
  5 blink frogs
  A hippogriff (D:9)
  An orc warrior (D:6)
  A sky beast (D:6)
  An ogre (D:6)
  A big kobold (D:9)
  2 orc wizards
  An adder (D:9)
  2 orcs (D:6)
  2 kobolds (D:9)
22 creatures vanquished.

Vanquished Creatures (others)
  11 fungi
  6 plants
17 creatures vanquished.

Grand Total: 428 creatures vanquished

Notes
Turn   | Place    | Note
-------+----------+-------------------------------------------
     0 | D:1      | Allula97 the Demonspawn Gladiator began the quest for the
                  | Orb.
     0 | D:1      | Reached XP level 1. HP: 16/16 MP: 1/1
   183 | D:1      | Gained mutation: Your flesh is heat resistant. (rF+)
                  | [demonic ancestry]
   183 | D:1      | Reached XP level 2. HP: 18/22 MP: 2/2
   510 | D:1      | Gained mutation: When seriously injured, your bleeding
                  | wounds create armour. (AC +9) [demonic ancestry]
   510 | D:1      | Reached XP level 3. HP: 28/28 MP: 2/4
   850 | D:2      | Reached skill level 1 in Armour
  1061 | D:2      | Found a glowing silver altar of Zin.
  1062 | D:2      | Found an opulent altar of Gozag.
  1138 | D:2      | Found a sacrificial altar of Ru.
  1215 | D:2      | Reached skill level 1 in Spellcasting
  1221 | D:2      | Reached skill level 1 in Stealth
  1282 | D:2      | Gained mutation: You are immune to clouds of flame.
                  | [demonic ancestry]
  1282 | D:2      | Reached XP level 4. HP: 34/34 MP: 5/5
  1801 | D:2      | Found a stormy altar of Qazlal.
  1802 | D:2      | Noticed an earth elemental
  1804 | D:2      | Noticed an air elemental
  1804 | D:2      | Noticed a water elemental
  1804 | D:2      | Noticed a fire elemental
  2069 | D:2      | Became a worshipper of Ru the Awakened
  2091 | D:3      | Noticed Natasha
  2248 | D:3      | Killed Natasha
  2256 | D:3      | Noticed Natasha
  2452 | D:3      | Killed Natasha
  2452 | D:3      | Reached XP level 5. HP: 30/40 MP: 7/7
  2534 | D:3      | Noticed Natasha
  2554 | D:3      | Killed Natasha
  2811 | D:3      | Reached skill level 3 in Fighting
  3209 | D:3      | Reached XP level 6. HP: 39/47 MP: 7/9
  3269 | D:3      | Noticed Jessica
  3292 | D:3      | Killed Jessica
  3583 | D:4      | Found a shattered altar of Ashenzari.
  3648 | D:4      | Found a staircase to the Ecumenical Temple.
  3907 | D:4      | Found a glowing drain.
  3911 | Sewer    | Entered a sewer
  4035 | Sewer    | Noticed Purgy
  4063 | Sewer    | Killed Purgy
  4063 | Sewer    | Reached XP level 7. HP: 22/53 MP: 9/11
  4298 | D:4      | Found a basalt altar of Yredelemnul.
  4421 | D:4      | Fell from the grace of Ru
  4421 | D:4      | Became a worshipper of Ashenzari the Shackled
  4447 | D:4      | Got the quarterstaff of the Onslaught {speed, *Corrode rF+
                  | rN+}
  4448 | D:4      | Identified the +4 quarterstaff of the Onslaught {speed,
                  | *Corrode rF+ rN+} (You found it on level 4 of the Dungeon)
  4719 | D:5      | Entered Level 5 of the Dungeon
  4739 | D:5      | Reached skill level 4 in Fighting
  4880 | D:5      | Reached skill level 6 in Fighting
  4880 | D:5      | Reached skill level 5 in Dodging
  4880 | D:5      | Reached skill level 5 in Necromancy
  4880 | D:5      | Gained mutation: A weak demonic guardian rushes to your
                  | aid. [demonic ancestry]
  4880 | D:5      | Reached XP level 8. HP: 65/65 MP: 11/14
  4885 | D:5      | Learned a level 3 spell: Vampiric Draining
  5068 | D:5      | Reached skill level 7 in Fighting
  5124 | D:5      | Reached XP level 9. HP: 72/72 MP: 16/16
  5395 | D:5      | Reached * piety under Ashenzari
  5878 | D:6      | Noticed Pikel
  5904 | D:6      | Killed Pikel
  5904 | D:6      | Reached skill level 5 in Spellcasting
  5923 | D:6      | Reached skill level 5 in Armour
  6238 | D:6      | Found a blossoming altar of Fedhas.
  6245 | D:6      | Noticed a troll
  6247 | D:6      | Found a transporter.
  6253 | D:6      | Found a transporter.
  6344 | D:6      | Gained mutation: Your muscles are strong. (Str +2) [potion
                  | of mutation]
  6344 | D:6      | Gained mutation: You are somewhat resistant to further
                  | mutation. [potion of mutation]
  6344 | D:6      | Gained mutation: You can translocate small distances at
                  | will. [potion of mutation]
  6345 | D:6      | Lost mutation: You can translocate small distances at will.
                  | [potion of mutation]
  6345 | D:6      | Lost mutation: Your muscles are strong. (Str +2) [potion of
                  | mutation]
  6345 | D:6      | Lost mutation: You are somewhat resistant to further
                  | mutation. [potion of mutation]
  6345 | D:6      | Gained mutation: You do not regenerate when monsters are
                  | visible. [potion of mutation]
  6345 | D:6      | Gained mutation: Your spells are a little harder to cast,
                  | but a little more powerful. [potion of mutation]
  6346 | D:6      | Lost mutation: Your spells are a little harder to cast, but
                  | a little more powerful. [potion of mutation]
  6346 | D:6      | Lost mutation: You do not regenerate when monsters are
                  | visible. [potion of mutation]
  6346 | D:6      | Gained mutation: You expend magic power (3 MP) to
                  | strengthen your wands. [potion of mutation]
  6346 | D:6      | Gained mutation: You have a pair of small antennae on your
                  | head. [potion of mutation]
  6626 | D:6      | Killed a troll
  6742 | D:7      | Reached XP level 10. HP: 61/77 MP: 18/18
  6782 | D:7      | Found a hazy altar of Hepliaklqana.
  6782 | D:7      | Found a bloodstained altar of Trog.
  6782 | D:7      | Found a snail-covered altar of Cheibriados.
  6811 | D:7      | Found a sparkling altar of Nemelex Xobeh.
  7767 | D:7      | Found Wineydghe's Gadget Shop.
  7889 | D:8      | HP: 3/80 [wyvern zombie (6)]
  8180 | D:8      | Found Kizeipn's Distillery.
  8741 | D:8      | Found an ancient bone altar of Kikubaaqudgha.
  8745 | D:8      | Reached skill level 8 in Fighting
  8761 | D:8      | Found a staircase to the Lair.
  8776 | D:8      | Noticed Joseph
  8794 | D:8      | Killed Joseph
  8832 | D:8      | Noticed Maggie
  8848 | D:8      | Killed Maggie
  9136 | D:8      | Reached ** piety under Ashenzari
 10047 | D:9      | Gained mutation: When seriously injured, your bleeding
                  | wounds create thick armour. (AC +9) [demonic ancestry]
 10047 | D:9      | Reached XP level 11. HP: 73/87 MP: 20/20
 10249 | D:9      | Found a shadowy altar of Dithmenos.
 10643 | D:9      | Reached skill level 9 in Fighting
 10643 | D:9      | Reached skill level 5 in Long Blades
 10643 | D:9      | Reached XP level 12. HP: 89/95 MP: 21/21
 10836 | D:10     | Entered Level 10 of the Dungeon
 11022 | Lair:1   | Entered Level 1 of the Lair of Beasts
 11032 | Lair:1   | Noticed Nergalle
 11045 | Lair:1   | Killed Nergalle
 11209 | Lair:1   | Identified the +4 ring mail "Befyecs" {Str-2 Int+7}
 11233 | Lair:1   | Identified the +4 gold dragon scales of Biraseist {rPois
                  | rF+ rC+ Str+3 Int+3 Stlth+}
 11343 | Lair:1   | Found a runed translucent door.
 11343 | Lair:1   | Noticed TangoThomas's ghost (journeyman TrAK)
 11364 | Lair:1   | Killed TangoThomas's ghost
 11573 | Lair:1   | Found a shattered altar of Ashenzari.
 11684 | Lair:2   | Reached *** piety under Ashenzari
 12406 | Lair:2   | Found a hole to the Spider Nest.
 12734 | Lair:3   | Noticed an eight-headed hydra
 12768 | Lair:4   | Found a staircase to the Shoals.
 12779 | Lair:4   | Noticed a six-headed hydra
 13493 | Lair:3   | Lost mutation: You have a pair of small antennae on your
                  | head. [potion of mutation]
 13493 | Lair:3   | Lost mutation: You expend magic power (3 MP) to strengthen
                  | your wands. [potion of mutation]
 13493 | Lair:3   | Gained mutation: You are occasionally teleported next to
                  | monsters. [potion of mutation]
 13493 | Lair:3   | Gained mutation: Your mind is acute. (Int +2) [potion of
                  | mutation]
 13493 | Lair:3   | Gained mutation: Your mind is very acute. (Int +4) [potion
                  | of mutation]
 13494 | Lair:3   | Lost mutation: Your mind is very acute. (Int +4) [potion of
                  | mutation]
 13494 | Lair:3   | Lost mutation: Your mind is acute. (Int +2) [potion of
                  | mutation]
 13494 | Lair:3   | Gained mutation: Your muscles are strong. (Str +2) [potion
                  | of mutation]
 13494 | Lair:3   | Gained mutation: You passively map a small area around you.
                  | [potion of mutation]
 13495 | Lair:3   | Lost mutation: You passively map a small area around you.
                  | [potion of mutation]
 13495 | Lair:3   | Lost mutation: Your muscles are strong. (Str +2) [potion of
                  | mutation]
 13495 | Lair:3   | Lost mutation: You are occasionally teleported next to
                  | monsters. [potion of mutation]
 13495 | Lair:3   | Gained mutation: You have a beak for a mouth. [potion of
                  | mutation]
 13495 | Lair:3   | Gained mutation: You have a pair of small antennae on your
                  | head. [potion of mutation]
 13495 | Lair:3   | Gained mutation: You are covered in fur. (AC +1) [potion of
                  | mutation]
 13617 | Lair:3   | Noticed a six-headed hydra
 13660 | Lair:4   | Killed a ten-headed hydra
 13846 | Lair:4   | Reached skill level 10 in Fighting
 14116 | Lair:4   | Noticed Urug
 14303 | Lair:4   | Reached **** piety under Ashenzari
 14331 | Lair:4   | Gained mutation: You have large cloven feet. [demonic
                  | ancestry]
 14331 | Lair:4   | Reached XP level 13. HP: 87/103 MP: 23/23
 14347 | Lair:4   | Killed Urug
 14874 | Shoals:1 | Entered Level 1 of the Shoals
 14956 | Shoals:1 | Noticed denis1488's ghost (adept HuFi)
 14960 | Shoals:1 | Found a runed translucent gate.
 14960 | Shoals:1 | Found a runed translucent gate.
 14961 | Shoals:1 | Identified the +1 robe "Nepsercha" {Harm rF+ Dex+2 Stlth+}
 14962 | Shoals:1 | Found a runed translucent gate.
 15402 | Lair:5   | Noticed Rupert
 15403 | Lair:5   | Paralysed by Rupert for 2 turns
 15437 | Lair:5   | Paralysed by Rupert for 3 turns
 15445 | Lair:5   | Paralysed by Rupert for 2 turns
 15643 | Lair:5   | Reached skill level 5 in Evocations
 15837 | Lair:5   | Paralysed by Rupert for 5 turns
 15846 | Lair:5   | Paralysed by Rupert for 4 turns
 15858 | Lair:5   | Killed Rupert
 16205 | Lair:5   | Learned a level 5 spell: Agony
 16398 | Lair:6   | Entered Level 6 of the Lair of Beasts
 16415 | Lair:6   | Found a frozen archway.
 16456 | IceCv    | Entered an ice cave
 16659 | IceCv    | Reached ***** piety under Ashenzari
 16872 | IceCv    | HP: 4/104 [ice devil (8)]
 16872 | IceCv    | Mangled by an ice devil

Illustrated notes

Levels and vault maps discovered:
D:1:      wander_arrival_desolate, layout_basic, minmay_tiny_reverse_x
D:2:      layout_basic, grunt_temple_overflow_gold_and_silver,
          nicolae_ru_the_path_less_chosen, nicolae_qazlal_style_of_elements
D:3:      layout_rooms, first_ration, minmay_cupped, uniq_jessica, uniq_natasha
D:4:      layout_loops_ring, yredelemnul_forgotten_temple_becter,
          lemuel_round_altar, minmay_temple_entry_antechambers,
          gup_sewer_entry_spiral
D:5:      layout_basic, chequers_jeans, minmay_bent
D:6:      layout_rooms, gammafunk_temple_overflow_arena, minmay_small_thing,
          uniq_pikel
D:7:      layout_rooms, grunt_temple_overflow_open, serial_shops,
          nicolae_shop_stone, st_stairs_7, grunt_tough_drop
D:8:      layout_basic, kennysheep_little_box, lair_entry_dummy, serial_shops,
          shop, uniq_joseph, uniq_maggie
D:9:      layout_basic, nicolae_dithmenos_the_darkroom
D:10:     layout_cave_pools, david_orc_2, grunt_ogre_cave
Lair:1:   layout_hall_layers, basic_altar, ebering_ghost_inner_flame,
          st_stairs_4, lemuel_fruit_fields, uniq_nergalle
Lair:2:   layout_regular_city, spider_nest_entry_rubble
Lair:3:   layout_long_grid, serial_bayou_crossing
Lair:4:   layout_loops_ring, minmay_shoals_entry_beasts, uniq_urug
Lair:5:   layout_gridlike, minivault_27, lemuel_fruit_tree, uniq_rupert
Lair:6:   due_jungle_book, layout_loops_ring, slime_dummy,
          portal_ice_cave_entry_pillars_1, grunt_megastairs_1
Shoals:1: layout_shoals, gammafunk_ghost_split
IceCv:    ice_cave_tombish

Skill      XL: |  1  2  3  4  5  6  7  8  9 10 11 12 13 |
---------------+----------------------------------------+-----
Axes           | 3 4 6 7 |  7.2
Armour         | 1 2 4 5 6 7 8 |  8.9
Spellcasting   | 1 2 4 5 6 7 |  7.1
Stealth        | 1 3 4 |  4.3
Dodging        | 3 5 6 7 8 |  8.2
Fighting       | 3 6 7 8 9 10 | 10.7
Long Blades    | 2 3 5 6 7 |  7.5
Necromancy     | 5 6 7 |  7.0
Invocations    | 4 |  4.2
Translocations | 2 |  2.7
Evocations     | 3 4 5 |  5.7
Throwing       | |  1.7

Action                   |  1- 3 |  4- 6 |  7- 9 | 10-12 | 13-15 || total
-------------------------+-------+-------+-------+-------+-------++-------
Melee: War axe           |    90 |   294 |    10 |       |       ||   394
       Quarterstaff      |       |       |    73 |       |       ||    73
       Long sword        |       |       |   194 |   738 |   300 ||  1232
       Peck              |       |       |       |    34 |   109 ||   143
       Kick              |       |       |       |       |   155 ||   155
Throw: Throwing net      |       |     4 |       |       |       ||     4
       Dart              |       |       |    12 |    15 |       ||    27
       Javelin           |       |       |       |     3 |     1 ||     4
 Cast: Vampiric Draining |       |       |     7 |    11 |       ||    18
Invok: Curse Item        |       |       |       |     3 |     2 ||     5
Evoke: Wand              |       |       |       |     6 |    14 ||    20
  Use: Scroll            |       |     7 |     4 |     8 |    12 ||    31
       Potion            |       |     3 |    13 |    20 |     5 ||    41
 Stab: Held in net/web   |       |     1 |       |       |       ||     1
       Sleeping          |       |       |     2 |     6 |     3 ||    11
       Invisible         |       |       |     5 |       |       ||     5
       Distracted        |       |       |       |     7 |     3 ||    10
  Eat: Chunk             |     1 |    10 |    10 |    26 |     8 ||    55
Armor: Leather armour    |     2 |       |       |       |       ||     2
       Ring mail         |    38 |   143 |    27 |    64 |       ||   272
       Troll leather arm |       |       |    74 |       |       ||    74
       Swamp dragon scal |       |       |       |   216 |    81 ||   297
Dodge: Dodged            |    59 |   253 |   237 |   584 |   176 ||  1309
       Rpst.: Long sword |       |       |    49 |   161 |    57 ||   267
